2388 views
Uploaded 2021-12-09 04:54:56
Game version 1.32.10
40:11 long 1on1 ladder game on (3)NomadIsles
Saved by SleepyBear
2388 views
Uploaded 2021-12-09 04:54:56
Game version 1.32.10
40:11 long 1on1 ladder game on (3)NomadIsles

75 units @ 11.5k
/ 1.6k
50 buildings @ 5.3k
/ 2.6k


| Scroll of Regeneration | 3 | 300 |
| Orb of Fire | 1 | 325 |
| Boots of Speed | 2 | 500 |
| Potion of Lesser Invulnerability | 4 | 600 |
| Scroll of Protection | 1 | 150 |
| Periapt of Vitality | 1 | 325 |
| total: | 12 | 2200g |
| Peasant | 23 | 1725 | / | 0 |
| Footman | 3 | 405 | / | 0 |
| Rifleman | 5 | 1025 | / | 150 |
| Priest | 11 | 1485 | / | 110 |
| Sorceress | 8 | 1240 | / | 160 |
| Spell Breaker | 6 | 1290 | / | 180 |
| Knight | 9 | 2205 | / | 540 |
| Gryphon Rider | 3 | 840 | / | 210 |
| Flying Machine | 3 | 300 | / | 90 |
| Goblin Shredder | 1 | 375 | / | 100 |
| Forest Troll Shadow Priest | 2 | 390 | / | 20 |
| Forest Troll Berserker | 1 | 245 | / | 30 |
| total: | 75 | 11525g | / | 1590w |
| Scout Tower | 16 | 480 | / | 320 |
| Arcane Tower | 5 | 350 | / | 250 |
| Guard Tower | 8 | 560 | / | 400 |
| Altar of Kings | 1 | 180 | / | 50 |
| Farm | 14 | 1120 | / | 280 |
| Barracks | 5 | 800 | / | 300 |
| Lumber Mill | 1 | 120 | / | 0 |
| Blacksmith | 2 | 280 | / | 120 |
| Arcane Vault | 2 | 260 | / | 60 |
| Town Hall | 3 | 1155 | / | 615 |
| Arcane Sanctum | 3 | 450 | / | 420 |
| Gryphon Aviary | 2 | 280 | / | 300 |
| Workshop | 1 | 140 | / | 140 |
| Keep | 1 | 320 | / | 210 |
| Castle | 1 | 360 | / | 210 |
| total: | 50 | 5265g | / | 2605w |
| 0:02 | Peasant |
| 0:02 | Peasant |
| 0:10 | Altar of Kings |
| 0:20 | Farm |
| 0:26 | Barracks |
| 0:29 | Peasant |
| 0:39 | Peasant |
| 0:50 | Farm |
| 0:58 | Peasant |
| 1:15 | Peasant |
| 1:28 | Footman |
| 1:32 | Peasant |
| 1:43 | Scout Tower |
| 1:48 | Farm |
| 1:51 | Footman |
| 1:54 | Peasant |
| 2:10 | Arcane Tower |
| 2:16 | Summon Water Elemental |
| 2:31 | Peasant |
| 2:42 | Lumber Mill |
| 2:58 | Peasant |
| 3:22 | Blacksmith |
| 3:25 | Peasant |
| 3:37 | Forest Troll Shadow Priest |
| 4:01 | Farm |
| 4:14 | Brilliance Aura |
| 4:16 | Forest Troll Berserker |
| 4:26 | Scout Tower |
| 4:29 | Blacksmith |
| 5:02 | Keep |
| 5:06 | Scout Tower |
| 5:08 | Scout Tower |
| 5:14 | Arcane Vault |
| 5:29 | Forest Troll Shadow Priest |
| 5:46 | Farm |
| 5:47 | Guard Tower |
| 6:36 | Scout Tower |
| 6:37 | Scout Tower |
| 6:39 | Scout Tower |
| 6:41 | Scout Tower |
| 6:47 | Summon Water Elemental |
| 7:39 | Goblin Shredder |
| 7:56 | Arcane Tower |
| 7:58 | Guard Tower |
| 8:18 | Guard Tower |
| 8:38 | Footman |
| 8:48 | Brilliance Aura |
| 9:04 | Rifleman |
| 9:18 | Guard Tower |
| 9:36 | Rifleman |
| 9:44 | Town Hall |
| 9:52 | Arcane Sanctum |
| 9:58 | Arcane Sanctum |
| 10:07 | Long Rifles |
| 10:44 | Rifleman |
| 10:48 | Farm |
| 11:00 | Rifleman |
| 11:05 | Storm Bolt |
| 11:11 | Boots of Speed |
| 11:22 | Potion of Lesser Invulnerability |
| 11:57 | Rifleman |
| 11:58 | Control Magic |
| 12:07 | Bash |
| 12:40 | Priest |
| 12:42 | Priest |
| 12:45 | Peasant |
| 12:45 | Peasant |
| 12:50 | Scroll of Regeneration |
| 13:05 | Sorceress |
| 13:08 | Sorceress |
| 13:39 | Spell Breaker |
| 13:48 | Farm |
| 14:19 | Storm Bolt |
| 14:34 | Summon Water Elemental |
| 14:52 | Priest |
| 14:52 | Sorceress |
| 15:59 | Castle |
| 16:12 | Spell Breaker |
| 16:18 | Bash |
| 16:28 | Town Hall |
| 16:41 | Priest Adept Training |
| 16:41 | Sorceress Adept Training |
| 17:42 | Farm |
| 17:45 | Farm |
| 17:55 | Peasant |
| 18:11 | Sorceress |
| 18:14 | Priest |
| 18:56 | Scout Tower |
| 18:58 | Scout Tower |
| 19:08 | Priest Master Training |
| 19:10 | Sorceress |
| 19:19 | Peasant |
| 19:19 | Peasant |
| 19:28 | Boots of Speed |
| 19:31 | Potion of Lesser Invulnerability |
| 19:33 | Scroll of Protection |
| 19:41 | Guard Tower |
| 19:44 | Scout Tower |
| 19:46 | Peasant |
| 19:54 | Barracks |
| 20:01 | Barracks |
| 20:38 | Mass Teleport |
| 21:02 | Priest |
| 21:39 | Arcane Vault |
| 21:47 | Priest |
| 21:51 | Arcane Sanctum |
| 21:55 | Arcane Tower |
| 21:59 | Improved Masonry |
| 22:03 | Iron Forged Swords |
| 22:05 | Knight |
| 22:12 | Orb of Fire |
| 22:42 | Animal War Training |
| 22:44 | Spell Breaker |
| 22:57 | Sorceress Master Training |
| 23:03 | Storm Bolt |
| 23:23 | Priest |
| 23:26 | Knight |
| 23:30 | Farm |
| 23:32 | Farm |
| 24:59 | Knight |
| 25:01 | Priest |
| 25:10 | Scroll of Regeneration |
| 25:14 | Knight |
| 25:15 | Iron Plating |
| 25:19 | Farm |
| 25:22 | Gryphon Aviary |
| 25:28 | Gryphon Aviary |
| 25:31 | Spell Breaker |
| 26:40 | Sorceress |
| 26:46 | Scout Tower |
| 26:48 | Peasant |
| 26:49 | Peasant |
| 27:51 | Guard Tower |
| 27:59 | Town Hall |
| 28:12 | Peasant |
| 28:12 | Peasant |
| 28:44 | Brilliance Aura |
| 28:54 | Avatar |
| 29:12 | Gryphon Rider |
| 29:23 | Priest |
| 29:47 | Barracks |
| 30:00 | Scout Tower |
| 30:22 | Peasant |
| 30:22 | Peasant |
| 30:34 | Storm Hammers |
| 30:37 | Guard Tower |
| 30:40 | Scout Tower |
| 30:43 | Barracks |
| 30:46 | Scout Tower |
| 30:53 | Knight |
| 31:01 | Farm |
| 31:16 | Priest |
| 31:53 | Knight |
| 31:59 | Scroll of Regeneration |
| 32:17 | Scout Tower |
| 32:22 | Sorceress |
| 32:25 | Arcane Tower |
| 32:38 | Workshop |
| 32:48 | Magic Sentry |
| 32:51 | Guard Tower |
| 33:08 | Arcane Tower |
| 33:17 | Spell Breaker |
| 33:21 | Spell Breaker |
| 34:22 | Flying Machine |
| 34:22 | Flak Cannons |
| 34:28 | Knight |
| 34:50 | Knight |
| 34:55 | Priest |
| 35:18 | Steel Forged Swords |
| 35:24 | Sorceress |
| 35:27 | Farm |
| 35:29 | Flying Machine |
| 35:46 | Flying Machine |
| 35:49 | Knight |
| 36:13 | Potion of Lesser Invulnerability |
| 36:19 | Periapt of Vitality |
| 36:39 | Gryphon Rider |
| 37:10 | Thunder Clap |
| 37:11 | Thunder Clap |
| 38:05 | Gryphon Rider |
| 38:26 | Blizzard |
| 38:56 | Potion of Lesser Invulnerability |
| Right click | 986 |
| Select group | 714 |
| Select | 703 |
| Build/train/purchase | 220 |
| Assign group | 114 |
| Use ability | 90 |
| Misc. action | 25 |
| Item give/drop | 3 |
72 units @ 10.8k
/ 1.6k
22 buildings @ 4.3k
/ 2k



| Healing Salve | 9 | 900 |
| Lesser Clarity Potion | 15 | 1050 |
| Scroll of Speed | 1 | 50 |
| Potion of Mana | 2 | 400 |
| Orb of Lightning | 1 | 375 |
| Potion of Healing | 4 | 600 |
| Scroll of Town Portal | 7 | 2450 |
| Potion of Lesser Invulnerability | 1 | 150 |
| total: | 40 | 5975g |
| Peon | 17 | 1275 | / | 0 |
| Grunt | 5 | 1000 | / | 0 |
| Troll Headhunter | 15 | 2100 | / | 300 |
| Raider | 13 | 2340 | / | 520 |
| Shaman | 7 | 910 | / | 140 |
| Troll Witch Doctor | 7 | 1015 | / | 175 |
| Wind Rider | 4 | 1060 | / | 160 |
| Tauren | 4 | 1120 | / | 320 |
| total: | 72 | 10820g | / | 1615w |
| Watch Tower | 3 | 330 | / | 240 |
| Altar of Storms | 1 | 180 | / | 50 |
| Orc Burrow | 5 | 800 | / | 200 |
| War Mill | 2 | 410 | / | 0 |
| Voodoo Lounge | 1 | 130 | / | 30 |
| Barracks | 1 | 180 | / | 50 |
| Great Hall | 4 | 1540 | / | 740 |
| Beastiary | 2 | 290 | / | 280 |
| Spirit Lodge | 2 | 300 | / | 300 |
| Tauren Totem | 1 | 135 | / | 155 |
| Stronghold | 1 | 315 | / | 190 |
| Fortress | 1 | 325 | / | 190 |
| total: | 22 | 4295g | / | 2045w |
| 0:07 | Peon |
| 0:07 | Peon |
| 0:13 | Altar of Storms |
| 0:18 | Orc Burrow |
| 0:22 | Peon |
| 0:46 | Peon |
| 1:00 | War Mill |
| 1:05 | Peon |
| 1:18 | Voodoo Lounge |
| 1:22 | Peon |
| 1:23 | Peon |
| 1:24 | Peon |
| 1:36 | Barracks |
| 1:57 | War Mill |
| 2:16 | Orc Burrow |
| 2:18 | Feral Spirit |
| 2:36 | Healing Salve |
| 2:37 | Lesser Clarity Potion |
| 2:38 | Scroll of Speed |
| 3:10 | Orc Burrow |
| 3:12 | Grunt |
| 3:51 | Grunt |
| 3:54 | Troll Headhunter |
| 4:17 | Stronghold |
| 4:28 | Watch Tower |
| 5:00 | Troll Headhunter |
| 5:07 | Watch Tower |
| 5:30 | Orc Burrow |
| 5:46 | Chain Lighting |
| 5:51 | Lesser Clarity Potion |
| 6:11 | Troll Headhunter |
| 6:12 | Troll Headhunter |
| 6:28 | Orc Burrow |
| 6:41 | Beastiary |
| 6:43 | Beastiary |
| 7:27 | Troll Regeneration |
| 7:29 | Steel Melee Weapons |
| 7:30 | Steel Armor |
| 7:32 | Pillage |
| 7:43 | Feral Spirit |
| 7:48 | Great Hall |
| 7:51 | Lesser Clarity Potion |
| 7:54 | Healing Salve |
| 8:13 | Watch Tower |
| 9:01 | Chain Lighting |
| 9:18 | Raider |
| 9:46 | Ensnare |
| 10:04 | Lesser Clarity Potion |
| 10:04 | Healing Salve |
| 10:17 | Raider |
| 10:21 | Peon |
| 10:30 | Troll Headhunter |
| 10:50 | Endurance Aura |
| 10:56 | Peon |
| 10:57 | Peon |
| 10:57 | Peon |
| 11:15 | Raider |
| 12:06 | Feral Spirit |
| 12:27 | Troll Headhunter |
| 12:27 | Troll Headhunter |
| 12:30 | Raider |
| 12:32 | Raider |
| 12:38 | Spirit Lodge |
| 12:40 | Thorium Melee Weapons |
| 12:42 | Steel Ranged Weapons |
| 12:45 | Lesser Clarity Potion |
| 13:16 | Raider |
| 13:34 | Troll Headhunter |
| 13:35 | Troll Headhunter |
| 14:45 | Raider |
| 14:46 | Witch Doctor Adept Training |
| 14:47 | Shaman Adept Training |
| 14:49 | Fortress |
| 15:00 | Raider |
| 15:07 | Troll Headhunter |
| 15:07 | Troll Headhunter |
| 15:10 | Thorium Ranged Weapons |
| 15:40 | Lesser Clarity Potion |
| 15:41 | Healing Salve |
| 15:54 | Troll Headhunter |
| 15:55 | Troll Headhunter |
| 15:58 | Shaman |
| 15:58 | Troll Witch Doctor |
| 16:01 | Spirit Lodge |
| 16:03 | Raider |
| 16:16 | Potion of Mana |
| 16:32 | Troll Headhunter |
| 17:30 | Healing Salve |
| 17:30 | Lesser Clarity Potion |
| 17:37 | Scroll of Town Portal |
| 17:39 | Orb of Lightning |
| 17:42 | Potion of Healing |
| 17:52 | Shaman Master Training |
| 17:55 | Witch Doctor Master Training |
| 17:59 | Raider |
| 18:54 | Shaman |
| 18:56 | Troll Witch Doctor |
| 19:02 | Raider |
| 19:05 | Healing Salve |
| 19:10 | Lesser Clarity Potion |
| 19:18 | Scroll of Town Portal |
| 19:19 | Potion of Healing |
| 19:33 | Shaman |
| 19:58 | Shaman |
| 19:59 | Troll Headhunter |
| 20:12 | War Stomp |
| 20:30 | Chain Lighting |
| 21:09 | Raider |
| 21:52 | Healing Salve |
| 21:53 | Lesser Clarity Potion |
| 22:24 | Troll Witch Doctor |
| 23:03 | Great Hall |
| 23:20 | Potion of Lesser Invulnerability |
| 23:34 | Endurance Aura |
| 24:30 | Earth Quake |
| 24:33 | Peon |
| 24:33 | Peon |
| 24:33 | Peon |
| 24:56 | Raider |
| 25:22 | Lesser Clarity Potion |
| 25:26 | Potion of Mana |
| 26:40 | Wind Rider |
| 26:41 | Envenomed Spears |
| 26:44 | Grunt |
| 26:51 | Healing Salve |
| 26:56 | Troll Witch Doctor |
| 27:05 | Potion of Healing |
| 27:06 | Lesser Clarity Potion |
| 27:27 | Scroll of Town Portal |
| 27:45 | Wind Rider |
| 28:31 | Grunt |
| 28:31 | Grunt |
| 29:05 | Far Sight |
| 29:22 | Tauren Totem |
| 29:29 | Thorium Armor |
| 29:33 | Wind Rider |
| 29:55 | Scroll of Town Portal |
| 30:00 | Lesser Clarity Potion |
| 30:20 | Troll Witch Doctor |
| 30:26 | Shaman |
| 30:44 | Peon |
| 31:59 | Great Hall |
| 32:12 | Lesser Clarity Potion |
| 32:25 | Scroll of Town Portal |
| 32:35 | Potion of Healing |
| 33:15 | Tauren |
| 33:46 | War Stomp |
| 34:18 | Great Hall |
| 34:35 | Peon |
| 34:50 | Pulverize |
| 34:54 | Far Sight |
| 34:58 | Lesser Clarity Potion |
| 35:09 | Scroll of Town Portal |
| 35:20 | Shaman |
| 35:57 | Tauren |
| 36:01 | Arcanite Melee Weapons |
| 36:08 | Wind Rider |
| 37:41 | Tauren |
| 37:57 | Lesser Clarity Potion |
| 37:57 | Healing Salve |
| 38:06 | Wind Walk |
| 38:10 | Troll Witch Doctor |
| 38:12 | Shaman |
| 38:15 | Tauren |
| 38:17 | Arcanite Ranged Weapons |
| 38:51 | Scroll of Town Portal |
| 39:40 | Troll Witch Doctor |
| Right click | 1570 |
| Select | 694 |
| Select group | 589 |
| Build/train/purchase | 270 |
| Use ability | 120 |
| Assign group | 90 |
| Item give/drop | 6 |
| Chat | 4 |
| Misc. action | 1 |
| Esc | 1 |
| Minimap ping | 1 |